 Dungeon Crawl Stone Soup version 0.25-a0-613-gf4b266557c (webtiles) character file.

Game seed: 14094624696385554780, levelgen mode: deterministic

15611 Majang the Protected (level 12, 0/145 HPs)
             Began as a Gnoll Wanderer on Mar 17, 2020.
             Was a Priest of Cheibriados.
             Slain by a minotaur (13 damage)
             ... in a Gauntlet.
             The game lasted 01:11:23 (12607 turns).

Majang the Protected (Gnoll Wanderer)              Turns: 12607, Time: 01:11:23

Health: 0/145      AC: 26    Str: 25    XL:     12   Next: 28%
Magic:  0/22       EV:  2    Int: 27    God:    Cheibriados [***...]
Gold:   851        SH:  7    Dex: 24    Spells: 17/25 levels left

rFire    + . .     SeeInvis .   a - +9 scimitar "Guek" {venom, Int+3}
rCold    + . .     Gourm    .   r - +0 buckler
rNeg     + + +     Faith    .   (armour currently unavailable)
rPois    +         Spirit   +   (helmet currently unavailable)
rElec    +         Reflect  .   (cloak currently unavailable)
rCorr    +         Harm     .   (gloves currently unavailable)
MR       .....     NoTele   +   (boots currently unavailable)
Stlth    ++++......             F - amulet of guardian spirit
HPRegen  0.34/turn              (no ring)
MPRegen  0.18/turn              (no ring)

@: tree-form, resistant, very slow
A: distributed training, strong nose
a: Bend Time, Temporal Distortion, Renounce Religion


You were in a Gauntlet.
You worshipped Cheibriados.
Cheibriados was most pleased with you.
You were not hungry.
You were a tree.
You visited 3 branches of the dungeon, and saw 11 of its levels.
You also visited: Ossuary and Gauntlet.

You collected 851 gold pieces.

Inventory:

Hand Weapons
 a - the +9 scimitar "Guek" (weapon) {venom, Int+3}
   (You found it in a Gauntlet)

   It poisons the flesh of those it strikes.
   It affects your intelligence (+3).
 b - a +0 hunting sling
 h - a +5 vampiric falchion
 v - a +1 whip of electrocution
 G - a +1 lajatang of electrocution
Missiles
 o - 207 stones (quivered)
 u - 11 boomerangs
 A - 2 javelins
Armour
 d - a +1 kite shield
 r - a +0 buckler (worn)
 t - a +0 pair of gloves (melded)
 y - a +0 plate armour (melded)
 z - a +1 helmet of see invisible (melded)
Magical Staves
 D - an uncursed staff of poison
Jewellery
 F - an amulet of guardian spirit (around neck)
Wands
 s - a wand of paralysis (11)
 B - a wand of acid (3)
Scrolls
 g - 2 scrolls of fear
 i - a scroll of remove curse
 j - 10 scrolls of teleportation
 m - a scroll of amnesia
 n - a scroll of enchant armour
 p - 3 scrolls of identify
 q - 2 scrolls of fog
 x - a scroll of magic mapping
Potions
 c - 4 potions of curing
 e - a potion of flight
 k - 2 potions of brilliance
Comestibles
 f - 16 rations


   Skills:
 + Level 9.6 Fighting
 + Level 7.0 Short Blades
 + Level 7.0 Long Blades
 + Level 8.5 Axes
 + Level 7.0 Maces & Flails
 + Level 7.0 Polearms
 + Level 7.0 Staves
 + Level 7.0 Slings
 + Level 7.0 Bows
 + Level 7.0 Crossbows
 + Level 7.0 Throwing
 + Level 9.6 Armour
 + Level 7.0 Dodging
 + Level 7.4 Stealth
 + Level 7.5 Shields
 + Level 7.0 Unarmed Combat
 + Level 7.0 Spellcasting
 + Level 5.8 Conjurations
 + Level 5.8 Hexes
 + Level 5.8 Charms
 + Level 5.8 Summonings
 + Level 5.8 Necromancy
 + Level 5.8 Translocations
 + Level 5.8 Transmutations
 + Level 5.8 Fire Magic
 + Level 5.8 Ice Magic
 + Level 5.8 Air Magic
 + Level 5.8 Earth Magic
 + Level 5.8 Poison Magic
 + Level 7.7 Invocations
 + Level 7.0 Evocations


You had 17 spell levels left.
You knew the following spells:

 Your Spells              Type           Power        Failure   Level  Hunger
a - Mephitic Cloud        Conj/Pois/Air  #####...     1%          3    None
b - Blink                 Tloc           N/A          1%          2    None
c - Conjure Flame         Conj/Fire      #####...     1%          3    None

Your spell library contained the following spells:

 Spells                   Type           Power        Failure   Level  Hunger
 Beastly Appendage        Tmut           #####.       1%          1    None
 Magic Dart               Conj           ####         1%          1    None
 Call Imp                 Summ           #####...     1%          2    None
 Slow                     Hex            #####...     1%          2    None
 Sticks to Snakes         Tmut           #####...     1%          2    None
 Confusing Touch          Hex            #####...     1%          3    None
 Gell's Gravitas          Tloc           #####.....   1%          3    None
 Spider Form              Tmut/Pois      #####.....   1%          3    None
 Ice Form                 Ice/Tmut       #####...     5%          4    ##.....
 Petrify                  Tmut/Erth      #####...     5%          4    ##.....
 Blade Hands              Tmut           #####.....   14%         5    #####..
 Metabolic Englaciation   Hex/Ice        #####.....   14%         5    #####..
 Yara's Violent Unravell  Hex/Tmut       #####.....   14%         5    #####..


Dungeon Overview and Level Annotations

Branches:
Dungeon (8/15)             Temple (1/1) D:4            Lair (2/6) D:8
 Shoals (0/4) Lair:2      Ossuary (visited)         Gauntlet (1/1)
  Snake: Lair:2-4    Spider: Lair:2-4

Altars:
Cheibriados
Dithmenos
Elyvilon
Fedhas
Gozag
Hepliaklqana
Kikubaaqudgha
Makhleb
Nemelex Xobeh
Okawaru
Ru
Sif Muna
Trog
Uskayaw
Vehumet
Wu Jian
Xom
Yredelemnul
Zin
The Shining One

Annotations:
Gauntlet , 6 transporters


Innate Abilities, Weirdness & Mutations

Your experience applies equally to all skills.
((You have very sharp teeth.))
Your uncanny sense of smell can sniff out nearby items.


Message History

Your +0 plate armour melds into your body.
You feel less perceptive.
Your roots penetrate the ground.
The minotaur hits you but does no damage.
The minotaur gores you.
* * * LOW HITPOINT WARNING * * *
You hit the minotaur but do no damage.
The minotaur is poisoned.
The minotaur is moderately wounded.
You block the minotaur's attack. The minotaur completely misses you.
You hit the minotaur but do no damage.
The minotaur looks as sick as possible!
The minotaur is heavily wounded.
The minotaur hits you!
* * * LOW HITPOINT WARNING * * *
The minotaur gores you but does no damage.
You feel better. The minotaur hits you.
* * * LOW HITPOINT WARNING * * *
The minotaur gores you but does no damage.
You slice the minotaur!!
The minotaur looks as sick as possible!
The minotaur is severely wounded.
The minotaur hits you!
You die...

#.?#..§#####
..?#.§###..######
..©#..§##..##...#
..[#..###..##.#.#
#..#..≈##.....#.#
##b#..###..##.#.# +##
bbb#..#....##...# .⌠(#
####..#©...##.#.##∩...#
......#.......#(♣H...⌠+∆
....∩.#....##.#.##.⌠..#
####..#©...##...# +###
...#..#....##.#.# ∆
##[#..###.....#.#
#..#..§##..##.#.#
#.§#..###..##...#
^..#..≈##..######
.#.#..######


You could see a minotaur.

Vanquished Creatures
  Gastronok (D:8)
  2 hydras (Lair:1)
  4 death yaks (Lair:2)
  A queen ant (Gauntlet)
  An obsidian statue (Gauntlet)
  A worldbinder (Gauntlet)
  2 black mambas (Lair:1)
  A spiny frog (Lair:1)
  A komodo dragon (D:8)
  Grinder (D:4)
  A troll (D:7)
  2 hippogriffs (Lair:1)
  7 blink frogs
  A spriggan (D:8)
  A basilisk (Lair:1)
  Menkaure (D:6)
  5 water moccasins
  5 soldier ants (Gauntlet)
  Duvessa (D:5)
  2 porcupines (Lair:2)
  An orc warrior (D:7)
  3 ice beasts
  3 sky beasts
  2 phantoms
  3 wolves (Lair:1)
  3 ogres
  2 boggarts (Gauntlet)
  6 centaurs
  2 crocodiles
  Dowan (D:5)
  4 electric eels (Lair:1)
  2 vampire bats (Lair:1)
  A centaur zombie (D:6)
  3 crimson imps
  A quasit (D:5)
  3 bullfrog skeletons
  3 hounds
  8 orc priests
  A gnoll shaman (D:4)
  2 jellies
  6 orc wizards
  5 worker ants
  A killer bee zombie (D:8)
  4 big kobold zombies (Ossuary)
  2 mummies (Ossuary)
  5 gnolls (D:4)
  8 adders
  A white imp (D:5)
  3 oozes
  2 adder zombies
  3 worms
  5 dart slugs
  7 leopard geckos
  27 orcs
  19 bats
  7 giant cockroaches
  3 gnoll zombies (Ossuary)
  14 goblins
  6 hobgoblins
  9 jackals
  2 quokkas
  4 ball pythons
  5 frilled lizards
  3 goblin zombies (Ossuary)
  4 hobgoblin zombies (Ossuary)
  3 kobolds
  14 rats
267 creatures vanquished.

Vanquished Creatures (others)
  6 fungi (Gauntlet)
  A plant (D:8)
7 creatures vanquished.

Grand Total: 274 creatures vanquished

Notes
Turn   | Place    | Note
-------+----------+-------------------------------------------
     0 | D:1      | Majang the Gnoll Wanderer began the quest for the Orb.
     0 | D:1      | Majang set off with the following items: a +0 club, a +0
                  | ring mail, a potion of curing, a +0 kite shield, a ration
     0 | D:1      | Reached XP level 1. HP: 23/23 MP: 1/1
   117 | D:1      | Reached XP level 2. HP: 29/29 MP: 2/2
   569 | D:1      | Reached XP level 3. HP: 33/35 MP: 3/3
   826 | D:2      | Reached skill level 1 in Invocations
   977 | D:2      | Reached skill level 1 in Short Blades
   977 | D:2      | Reached skill level 1 in Long Blades
   977 | D:2      | Reached skill level 1 in Maces & Flails
   977 | D:2      | Reached skill level 1 in Polearms
   977 | D:2      | Reached skill level 1 in Staves
   977 | D:2      | Reached skill level 1 in Slings
   977 | D:2      | Reached skill level 1 in Bows
   977 | D:2      | Reached skill level 1 in Crossbows
   977 | D:2      | Reached skill level 1 in Throwing
   977 | D:2      | Reached skill level 1 in Dodging
   977 | D:2      | Reached skill level 1 in Unarmed Combat
   977 | D:2      | Reached skill level 1 in Spellcasting
   977 | D:2      | Reached skill level 1 in Evocations
   977 | D:2      | Reached XP level 4. HP: 39/41 MP: 5/5
  1313 | D:2      | Reached skill level 1 in Conjurations
  1313 | D:2      | Reached skill level 1 in Hexes
  1313 | D:2      | Reached skill level 1 in Charms
  1313 | D:2      | Reached skill level 1 in Summonings
  1313 | D:2      | Reached skill level 1 in Necromancy
  1313 | D:2      | Reached skill level 1 in Translocations
  1313 | D:2      | Reached skill level 1 in Transmutations
  1313 | D:2      | Reached skill level 1 in Fire Magic
  1313 | D:2      | Reached skill level 1 in Ice Magic
  1313 | D:2      | Reached skill level 1 in Air Magic
  1313 | D:2      | Reached skill level 1 in Earth Magic
  1313 | D:2      | Reached skill level 1 in Poison Magic
  1621 | D:2      | Reached XP level 5. HP: 47/47 MP: 6/6
  1981 | D:3      | Found a snail-covered altar of Cheibriados.
  1995 | D:3      | Became a worshipper of Cheibriados the Contemplative
  2117 | D:3      | Found an iron altar of Okawaru.
  2309 | D:3      | Reached * piety under Cheibriados
  2316 | D:3      | Found an opulent altar of Gozag.
  2358 | D:3      | Noticed a sky beast
  2374 | D:3      | Killed a sky beast
  2374 | D:3      | Reached XP level 6. HP: 36/53 MP: 8/8
  3002 | D:3      | Reached skill level 5 in Axes
  3394 | D:4      | Found an ancient bone altar of Kikubaaqudgha.
  3530 | D:4      | Reached XP level 7. HP: 50/59 MP: 10/10
  3638 | D:4      | Found a staircase to the Ecumenical Temple.
  3647 | Temple   | Entered the Ecumenical Temple
  3912 | D:4      | Found a bloodstained altar of Trog.
  4066 | D:4      | Noticed Grinder
  4078 | D:4      | Killed Grinder
  4180 | D:4      | Reached ** piety under Cheibriados
  4454 | D:5      | Entered Level 5 of the Dungeon
  4465 | D:5      | Reached XP level 8. HP: 30/67 MP: 12/12
  5537 | D:5      | Noticed Dowan
  5537 | D:5      | Noticed Duvessa
  5557 | D:5      | Killed Duvessa
  5562 | D:5      | Killed Dowan
  6037 | D:6      | Found a sand-covered staircase.
  6042 | Ossuary  | Entered an ossuary
  6075 | Ossuary  | Reached XP level 9. HP: 68/72 MP: 14/14
  6185 | Ossuary  | Reached *** piety under Cheibriados
  6574 | D:6      | Found a hide-covered altar of Uskayaw.
  6756 | D:6      | Noticed Menkaure
  6763 | D:6      | Killed Menkaure
  6887 | D:6      | Found a radiant altar of Vehumet.
  6981 | D:6      | Learned a level 2 spell: Blink
  6985 | D:6      | Learned a level 3 spell: Mephitic Cloud
  6989 | D:6      | Learned a level 3 spell: Conjure Flame
  7576 | D:7      | Reached skill level 5 in Shields
  7913 | D:7      | Noticed a troll
  7926 | D:7      | Killed a troll
  7926 | D:7      | Reached skill level 5 in Stealth
  8131 | D:7      | Found a sparkling altar of Nemelex Xobeh.
  8237 | D:7      | Reached skill level 5 in Invocations
  8493 | D:8      | Reached **** piety under Cheibriados
  8534 | D:8      | Noticed Gastronok
  8575 | D:8      | Killed Gastronok
  8575 | D:8      | Reached skill level 5 in Short Blades
  8575 | D:8      | Reached skill level 5 in Long Blades
  8575 | D:8      | Reached skill level 5 in Maces & Flails
  8575 | D:8      | Reached skill level 5 in Polearms
  8575 | D:8      | Reached skill level 5 in Staves
  8575 | D:8      | Reached skill level 5 in Slings
  8575 | D:8      | Reached skill level 5 in Bows
  8575 | D:8      | Reached skill level 5 in Crossbows
  8575 | D:8      | Reached skill level 5 in Throwing
  8575 | D:8      | Reached skill level 5 in Dodging
  8575 | D:8      | Reached skill level 5 in Unarmed Combat
  8575 | D:8      | Reached skill level 5 in Spellcasting
  8575 | D:8      | Reached skill level 5 in Evocations
  8575 | D:8      | Reached XP level 10. HP: 75/82 MP: 15/17
  8604 | D:8      | Found a glowing golden altar of the Shining One.
  9487 | D:8      | Found a staircase to the Lair.
  9699 | Lair:1   | Entered Level 1 of the Lair of Beasts
  9792 | Lair:1   | Noticed a seven-headed hydra
  9799 | Lair:1   | Killed a seven-headed hydra
  9799 | Lair:1   | Reached XP level 11. HP: 75/87 MP: 13/19
 10092 | Lair:1   | Noticed a four-headed hydra
 10103 | Lair:1   | Killed a four-headed hydra
 10103 | Lair:1   | Reached skill level 5 in Conjurations
 10103 | Lair:1   | Reached skill level 5 in Hexes
 10103 | Lair:1   | Reached skill level 5 in Charms
 10103 | Lair:1   | Reached skill level 5 in Summonings
 10103 | Lair:1   | Reached skill level 5 in Necromancy
 10103 | Lair:1   | Reached skill level 5 in Translocations
 10103 | Lair:1   | Reached skill level 5 in Transmutations
 10103 | Lair:1   | Reached skill level 5 in Fire Magic
 10103 | Lair:1   | Reached skill level 5 in Ice Magic
 10103 | Lair:1   | Reached skill level 5 in Air Magic
 10103 | Lair:1   | Reached skill level 5 in Earth Magic
 10103 | Lair:1   | Reached skill level 5 in Poison Magic
 11835 | Lair:2   | Noticed a death yak
 11835 | Lair:2   | Noticed a death yak
 11835 | Lair:2   | Noticed a death yak
 11839 | Lair:2   | Noticed a death yak
 11847 | Lair:2   | Killed a death yak
 11848 | Lair:2   | Killed a death yak
 11853 | Lair:2   | Killed a death yak
 11856 | Lair:2   | Killed a death yak
 11856 | Lair:2   | Reached XP level 12. HP: 96/96 MP: 4/22
 11946 | Lair:2   | Found a gate leading to a gauntlet.
 11952 | Gauntlet | Entered a Gauntlet
 11952 | Gauntlet | Found a runed translucent door.
 11952 | Gauntlet | Found a transporter.
 11952 | Gauntlet | Found a runed translucent door.
 11952 | Gauntlet | Found a transporter.
 11952 | Gauntlet | Found a transporter.
 11962 | Gauntlet | Found a transporter.
 11965 | Gauntlet | Found a transporter.
 11968 | Gauntlet | Noticed a queen ant
 11974 | Gauntlet | Found a transporter.
 11976 | Gauntlet | Found a transporter.
 11984 | Gauntlet | Found a transporter.
 12002 | Gauntlet | Found a transporter.
 12002 | Gauntlet | Noticed a hell hog
 12007 | Gauntlet | Found a transporter.
 12009 | Gauntlet | Found a transporter.
 12020 | Gauntlet | Found a transporter.
 12377 | Gauntlet | Killed a queen ant
 12527 | Gauntlet | Got a dazzling scimitar
 12544 | Gauntlet | Identified the +9 scimitar "Guek" {venom, Int+3} (You found
                  | it in a Gauntlet)
 12581 | Gauntlet | Noticed a minotaur
 12605 | Gauntlet | HP: 3/145 [minotaur (9)]
 12607 | Gauntlet | Slain by a minotaur

Levels and vault maps discovered:
D:1:      doesnt_arrival_eight_statues, layout_basic
D:2:      layout_rooms, grunt_ministairs_15, minmay_misc_feat_ornament
D:3:      layout_loops_ring, cheibriados_altar_1, old_standard_altar,
          okawaru_gym_becter
D:4:      layout_loops_corners, kiku_gazebo_garden_becter,
          minmay_temple_entry_proselytizer, first_ration, bloody_trog,
          uniq_grinder
D:5:      layout_cave_pods, minmay_fire_ice_demons, uniq_duvessa
D:6:      layout_basic, overflow_temple_1_default, kennysheep_little_box,
          nicolae_ossuary_entry_false_entrances, uniq_menkaure
D:7:      layout_basic, nemelex_dance_club_becter
D:8:      layout_loops_ring, tso_metal_star, david_lair_shrubbed, the_bakery,
          uniq_gastronok
Temple:   eino_temple_water
Lair:1:   layout_roguey, roderic_batcave, minivault_26, serial_bayou_ford_a,
          disabler_island
Lair:2:   layout_gridlike, minmay_shoals_entry_hut, gauntlet_entry_generic
Gauntlet: minmay_gauntlet_mixed_big_or_small [gammafunk_gauntlet_arena_hedges,
          minmay_gauntlet_arena_77_cramped, nicolae_gauntlet_arena_blocks,
          minmay_gauntlet_arena_77_fan, gammafunk_gauntlet_arena_split_x,
          minmay_gauntlet_arena_77_broken_ladder, gauntlet_exit_hidden_loot]

Skill      XL: |  1  2  3  4  5  6  7  8  9 10 11 12 |
---------------+-------------------------------------+-----
Invocations    | 1 2 3 4 5 6 7 |  7.7
Short Blades   | 1 2 3 5 6 7 |  7.0
Long Blades    | 1 2 3 5 6 7 |  7.0
Maces & Flails | 1 2 3 5 6 7 |  7.0
Polearms       | 1 2 3 5 6 7 |  7.0
Staves         | 1 2 3 5 6 7 |  7.0
Slings         | 1 2 3 5 6 7 |  7.0
Bows           | 1 2 3 5 6 7 |  7.0
Crossbows      | 1 2 3 5 6 7 |  7.0
Throwing       | 1 2 3 5 6 7 |  7.0
Dodging        | 1 2 3 5 6 7 |  7.0
Unarmed Combat | 1 2 3 5 6 7 |  7.0
Spellcasting   | 1 2 3 5 6 7 |  7.0
Evocations     | 1 2 3 5 6 7 |  7.0
Conjurations   | 1 2 3 4 5 |  5.8
Hexes          | 1 2 3 4 5 |  5.8
Charms         | 1 2 3 4 5 |  5.8
Summonings     | 1 2 3 4 5 |  5.8
Necromancy     | 1 2 3 4 5 |  5.8
Translocations | 1 2 3 4 5 |  5.8
Transmutations | 1 2 3 4 5 |  5.8
Fire Magic     | 1 2 3 4 5 |  5.8
Ice Magic      | 1 2 3 4 5 |  5.8
Air Magic      | 1 2 3 4 5 |  5.8
Earth Magic    | 1 2 3 4 5 |  5.8
Poison Magic   | 1 2 3 4 5 |  5.8
Shields        | 3 4 5 6 7 |  7.5
Stealth        | 3 4 5 6 7 |  7.4
Axes           | 5 7 8 |  8.5
Fighting       | 7 8 9 |  9.6
Armour         | 7 8 9 |  9.6

Action                   |  1- 3 |  4- 6 |  7- 9 | 10-12 || total
-------------------------+-------+-------+-------+-------++-------
Melee: Club              |     9 |       |       |       ||     9
       Whip              |    79 |    72 |    55 |    33 ||   239
       Bite              |     9 |    15 |    94 |    99 ||   217
       War axe           |       |    84 |       |       ||    84
       Falchion          |       |     2 |   383 |   283 ||   668
       Staff             |       |       |       |    19 ||    19
       Scimitar          |       |       |       |     4 ||     4
 Fire: Hunting sling     |       |    96 |    91 |    57 ||   244
Throw: Stone             |       |     7 |       |     5 ||    12
       Boomerang         |       |     1 |     1 |       ||     2
       Javelin           |       |       |     1 |     3 ||     4
 Cast: Conjure Flame     |       |       |     2 |       ||     2
Invok: Bend Time         |       |       |     2 |       ||     2
       Temporal Distorti |       |       |     1 |       ||     1
       Slouch            |       |       |       |     5 ||     5
Evoke: Wand              |       |       |       |     4 ||     4
  Use: Scroll            |       |       |    20 |     6 ||    26
       Potion            |       |       |     3 |     9 ||    12
 Stab: Sleeping          |     2 |     3 |       |       ||     5
       Invisible         |       |       |     1 |    12 ||    13
       Distracted        |       |       |     1 |       ||     1
  Eat: Chunk             |       |     6 |     9 |     6 ||    21
       Ration            |       |       |       |     1 ||     1
Armor: Ring mail         |    24 |    42 |       |       ||    66
       Scale mail        |       |    20 |    63 |       ||    83
       Chain mail        |       |       |    69 |       ||    69
       Plate armour      |       |       |    34 |   186 ||   220
       Skin              |       |       |       |     3 ||     3
Dodge: Dodged            |    24 |    84 |   239 |   172 ||   519
Block: Kite shield       |    39 |    22 |       |       ||    61
       Buckler           |       |    32 |   118 |   123 ||   273
       Rpst.: Falchion   |       |       |    63 |    45 ||   108

Table legend:
 A = Non-vault XP
 B = Vault XP
 C = Vault XP percentage of total XP
 D = Non-vault monster count
 E = Vault monster count
 F = Vault count percentage of total count
                 A         B        C        D         E       F
            +---------+---------+-------+---------+---------+-------
      Total |   14762 |    7540 |  33.8 |     215 |      52 |  19.5
            +---------+---------+-------+---------+---------+-------
        D:1 |      52 |       0 |   0.0 |      26 |       0 |   0.0
        D:2 |     109 |       6 |   5.2 |      37 |       2 |   5.1
        D:3 |     280 |       0 |   0.0 |      33 |       0 |   0.0
        D:4 |     299 |     336 |  52.9 |      16 |       2 |  11.1
        D:5 |     901 |     277 |  23.5 |      23 |       4 |  14.8
        D:6 |     490 |     172 |  26.0 |      15 |       1 |   6.2
        D:7 |     998 |     125 |  11.1 |      17 |       2 |  10.5
        D:8 |    1219 |    2869 |  70.2 |      20 |       3 |  13.0
     Lair:1 |    5714 |     514 |   8.3 |      18 |      12 |  40.0
     Lair:2 |    4700 |       0 |   0.0 |      10 |       0 |   0.0
    Ossuary |       0 |     154 | 100.0 |       0 |      16 | 100.0
   Gauntlet |       0 |    3087 | 100.0 |       0 |      10 | 100.0
            +---------+---------+-------+---------+---------+-------
